 Dungeon Crawl Stone Soup version 0.29-a0-380-gf50f0a9fbc (webtiles) character file.

Game seed: 4596214417093025641

247 happo123 the Ruffian (level 5, -4/79 HPs)
             Began as a Troll Berserker on May 5, 2022.
             Was a Priest of Trog.
             Slain by Edmund
             ... wielding a +5 dire flail of holy wrath
              (16 damage)
             ... on level 4 of the Dungeon.
             The game lasted 00:08:32 (1738 turns).

happo123 the Ruffian (Troll Berserker)              Turns: 1738, Time: 00:08:33

Health: -4/79      AC:  4    Str: 27    XL:     5   Next: 85%
Magic:  4/4        EV: 10    Int:  3    God:    Trog [***...]
Gold:   243        SH:  0    Dex:  9    Spells: 4/4 levels left

rFire   . . .      SeeInvis .   o - +0 war axe
rCold   . . .      Faith    +   (no shield)
rNeg    + . .      Spirit   .   a - +0 animal skin
rPois   .          Reflect  .   (helmet restricted)
rElec   .          Harm     .   (no cloak)
rCorr   .          Rampage  .   (gloves unavailable)
Will    .....                   (boots unavailable)
Stlth   ..........              b - amulet of faith
HPRegen 1.03/turn               n - ring of positive energy
MPRegen 0.09/turn               (no ring)

@: berserking (expiring), very quick
A: large, unfitting armour, claws 3, regeneration 1, shaggy fur 1, tough skin 1
a: Renounce Religion, Berserk, Trog's Hand


You were on level 4 of the Dungeon.
You worshipped Trog.
Trog was most pleased with you.
You visited 1 branch of the dungeon, and saw 4 of its levels.

You collected 243 gold pieces.

Inventory:

Hand Weapons
 o - a +0 war axe (weapon)
Armour
 a - a +0 animal skin (worn)
Jewellery
 b - an amulet of faith (around neck)
 k - an amulet of guardian spirit
 l - a ring of magical power
 n - a ring of positive energy (left claw)
Scrolls
 c - a scroll of vulnerability {unknown}
 d - 2 scrolls of fog {unknown}
 e - 2 scrolls of identify {unknown}
 h - a scroll of teleportation {unknown}
 i - a scroll of immolation
 j - a scroll of amnesia {unknown}
Potions
 f - 2 potions of heal wounds {unknown}
 g - 4 potions of curing {unknown}
 m - a potion of brilliance {unknown}
 p - a potion of invisibility {unknown}


   Skills:
 + Level 3.0 Fighting
 + Level 0.6 Axes
 + Level 3.5 Dodging
 + Level 0.2 Stealth
 + Level 5.1 Unarmed Combat


You had 4 spell levels left.
You didn't know any spells.
Your spell library was empty.

Dungeon Overview and Level Annotations

Branches:
Dungeon (4/15)
 Temple: D:4-7

Altars:

Annotations:
D:4 Edmund


Innate Abilities, Weirdness & Mutations

You are too large for most types of armour.
You have claws for hands.
Your natural rate of healing is unusually fast.
You are covered in fur. (AC +1)
You have tough skin. (AC +1)


Message History

You feel yourself moving faster!
You feel mighty!
Edmund the Younger comes into view.
He is wielding a +5 dire flail of holy wrath.
Found 22 stones.
You feel a strong urge to attack something.
You hit the ogre.
The ogre is lightly wounded.
The ogre misses you.
You slash the ogre!
The ogre is heavily wounded.
The ogre hits you with a +0 giant spiked club.
You barely miss the ogre.
The ogre is heavily wounded.
You slash the ogre!
The ogre is almost dead.
The ogre hits you with a +0 giant spiked club!!
You slash the ogre!
You kill the ogre!
Trog accepts your kill.
You hit Edmund.
Edmund hits you with a +5 dire flail of holy wrath!
Your Fighting skill increases to level 3!
Your Unarmed Combat skill increases to level 5!
You closely miss Edmund.
Edmund is lightly wounded.
Edmund drinks a potion.
Edmund suddenly seems more resistant.
You closely miss Edmund.
Edmund is lightly wounded.
Edmund hits you with a +5 dire flail of holy wrath!
You slash Edmund! You claw Edmund.
Edmund is heavily wounded.
Edmund hits you with a +5 dire flail of holy wrath!
* * * LOW HITPOINT WARNING * * *
You hit Edmund.
Edmund is heavily wounded.
Edmund hits you with a +5 dire flail of holy wrath!
* * * LOW HITPOINT WARNING * * *
You slash Edmund!
Edmund is almost dead.
Edmund hits you with a +5 dire flail of holy wrath!
You die...

.. ... ##... #
#####..... ...##
#.........
##....##.........
.......<.......#
!.........##.#...
.......#.@@#
.....#..#)...#
.....##..........
.... #...#.##.$.
... #..##.. ..
... ... ..# .
(... ... .#...
###


You could see Edmund (resistant).

Vanquished Creatures
  2 ogres
  2 adders (D:3)
  A worm (D:3)
  A dart slug (D:1)
  An orc (D:3)
  11 bats
  4 endoplasms
  2 giant cockroaches
  3 goblins
  3 hobgoblins
  2 jackals (D:1)
  3 quokkas
  4 ball pythons
  6 frilled lizards
  4 kobolds
  9 rats
58 creatures vanquished.

Notes
Turn   | Place    | Note
-------+----------+-------------------------------------------
     0 | D:1      | happo123 the Troll Berserker began the quest for the Orb.
     0 | D:1      | Reached XP level 1. HP: 22/22 MP: 0/0
   179 | D:1      | Reached XP level 2. HP: 29/29 MP: 1/1
   251 | D:1      | Found a faded altar of an unknown god.
   270 | D:1      | Reached ** piety under Trog
   658 | D:2      | Reached XP level 3. HP: 36/36 MP: 2/2
  1379 | D:3      | Noticed an ogre
  1385 | D:3      | Killed an ogre
  1386 | D:3      | Reached skill level 4 in Unarmed Combat
  1386 | D:3      | Reached XP level 4. HP: 44/44 MP: 3/3
  1386 | D:3      | Reached XP level 5. HP: 52/52 MP: 4/4
  1388 | D:3      | Reached *** piety under Trog
  1724 | D:4      | Noticed an ogre
  1727 | D:4      | Noticed Edmund
  1733 | D:4      | Killed an ogre
  1734 | D:4      | Reached skill level 5 in Unarmed Combat
  1738 | D:4      | Slain by Edmund

Illustrated notes

Levels and vault maps discovered:
D:1:      onia_arrival_mini_maze, layout_rooms,
          hellmonk_ecumenical_altar_blasted
D:2:      layout_loops_ring
D:3:      layout_basic
D:4:      layout_rooms, uniq_edmund, uniq_crazy_yiuf_cottage, uniq_ijyb

Skill      XL: |  1  2  3  4  5 |
---------------+----------------+-----
Dodging        | 3 |  3.5
Unarmed Combat | 4 5 |  5.1
Fighting       | 3 |  3.0
Axes           | |  0.6
Stealth        | |  0.2

Action                   |  1- 3 |  4- 6 || total
-------------------------+-------+-------++-------
Melee: Unarmed           |   113 |    11 ||   124
       Punch             |     3 |     2 ||     5
       War axe           |       |    29 ||    29
Invok: Berserk           |     1 |     1 ||     2
Armor: Animal skin       |    49 |    12 ||    61
Dodge: Dodged            |    56 |    14 ||    70

Table legend: (Time is in decaauts)
 A = Elapsed time spent in this place.
 B = Non-inter-level travel time spent in this place.
 C = Inter-level travel time spent in this place.
 D = Time resting spent in this place.
 E = Time spent auto-exploring this place.
 F = Levels seen in this place.
 G = Mean time per level.
                   A        B        C        D        E       F      G
               +--------+--------+--------+--------+--------+-----+--------+
         Total |   1749 |   1550 |    199 |      2 |   1160 |   4 |  437.2 |
       Dungeon |   1749 |   1550 |    199 |      2 |   1160 |   4 |  437.2 |
               +--------+--------+--------+--------+--------+-----+--------+

Top non-repeatable levels by time:
     D:2: 652 daAuts
     D:1: 587 daAuts
     D:3: 490 daAuts
     D:4: 18 daAuts
